 Dungeon Crawl Stone Soup version 0.15.2 (webtiles) character file.

53 MordorOrchid the Sneak (level 3, 0/30 HPs)
             Began as an Octopode Fire Elementalist on June 28, 2022.
             Slain by a gnoll (1 damage)
             ... on Level 1 of the Dungeon.
             The game lasted 00:06:07 (963 turns).

MordorOrchid the Sneak (Octopode Fire Elementalist)  Turns: 963, Time: 00:06:07

HP   0/30        AC 22     Str  7      XL: 3   Next: 87%
MP   2/6         EV  2     Int 18      God:
Gold 41          SH  0     Dex 12      Spells:  2 memorised,  3 levels left

rFire  . . .     SeeInvis +     h - +0 short sword
rCold  . . .     Rnd*Rage +     (no shield)
rNeg   + + +     rCorr    .     o - +1 hat
rPois  +         rRot     .     (no amulet)
rElec  .         Spirit   .     k - ring of see invisible
SustAb .         Warding  .     l - cursed ring of loudness
rMut   .         NoTele   +     (ring currently unavailable)
Gourm  .                        (ring currently unavailable)
MR     .....                    (ring currently unavailable)
                                (ring currently unavailable)
                                (ring currently unavailable)
                                (ring currently unavailable)

@: lethally poisoned, tree-form, not resistant to hostile enchantments,
unstealthy
A: almost no armour, amphibious, (8 rings), (constrict 8), (camouflage 0),
berserk 1, frail 1, (gelatinous body 0)
a: no special abilities


You were on level 1 of the Dungeon.
You were hungry.
You were an animated tree.
You visited 1 branch of the dungeon, and saw 2 of its levels.

You collected 41 gold pieces.

Inventory:

Hand weapons
 f - a cursed -2 whip
 h - a +0 short sword (weapon)
 i - a +0 spear
Missiles
 a - 18 stones (quivered)
 d - 38 arrows
Armour
 o - a +1 hat (worn)
Comestibles
 c - 2 bread rations
 j - a beef jerky
Scrolls
 n - a scroll of enchant weapon {unknown}
 p - a scroll of teleportation {unknown}
Jewellery
 k - a ring of see invisible (left branch)
 l - a cursed ring of loudness (right branch)
Potions
 e - a potion of magic
 g - 3 potions of resistance
Books
 b - a book of Flames

   Spells                             Type                      Level
   *Flame Tongue                      Conjuration/Fire             1
   *Throw Flame                       Conjuration/Fire             2
   Conjure Flame                      Conjuration/Fire             3
   Inner Flame                        Hexes/Fire                   3
   Sticky Flame                       Conjuration/Fire             4
   Fireball                           Conjuration/Fire             5


   Skills:
 * Level 1.1 Fighting
 * Level 2.2 Dodging
 * Level 3.5 Stealth
 * Level 2.3 Spellcasting
 * Level 1.7 Conjurations
 + Level 3.3 Fire Magic


You had 3 spell levels left.
You knew the following spells:

 Your Spells              Type           Power        Failure   Level  Hunger
a - Flame Tongue          Conj/Fire      ##...        8%          1    #......
b - Throw Flame           Conj/Fire      ##....       12%         2    ##.....


Dungeon Overview and Level Annotations

Branches:
Dungeon (2/15)

Altars:


Innate Abilities, Weirdness & Mutations

You cannot wear most types of armour.
You are amphibious.
((You can wear up to eight rings at the same time.))
((You can use your tentacles to constrict many enemies at once.))
((Your skin changes colour to match your surroundings (Stealth).))
((Your rubbery body absorbs attacks (AC +1).))
You tend to lose your temper in combat.
You are frail (-10% HP).


Message History

* * * LOW HITPOINT WARNING * * *
You feel sick. The gnoll hits you but does no damage.
Casting: Flame Tongue
Confirm with . or Enter, or press ? or * to list all spells.
Aiming: Flame Tongue
Press: ? - help, Shift-Dir - straight line, f - gnoll
Aim: a gnoll The flame tongue hits the gnoll.
The gnoll is heavily wounded.
The gnoll hits you but does no damage.
Casting: Flame Tongue
Confirm with . or Enter, or press ? or * to list all spells.
Aiming: Flame Tongue
Press: ? - help, Shift-Dir - straight line, f/p - gnoll
Aim: a gnoll (heavily wounded)
The flame tongue hits the gnoll.
The gnoll is almost dead.
* * * LOW HITPOINT WARNING * * *
You feel sick. The gnoll hits you.
You die...

#.# ####...#..#.......#.#
#)# #...#..#....#..#.# #.#
#...#..#.####..#.# #.#
#####..#.......#.# #.#
#....#####.#.%
#.#############............#
#..................#.####..#
####......########.#.# #.##
#......%♣g......#.####.#.
#......########.....##.##
#......##....)#.....##..
#####...'.....'.....####
#####.....#.....#
#.....#.....###
#######.......# ####....#
#....#


You could see a gnoll.

Vanquished Creatures
  2 gnolls
  An adder (D:1)
  6 giant cockroaches
  A goblin (D:2)
  3 hobgoblins (D:1)
  7 bats (D:1)
  2 kobolds
  4 rats
26 creatures vanquished.

Notes
Turn   | Place    | Note
--------------------------------------------------------------
     0 | D:1      | MordorOrchid, the Octopode Fire Elementalist, began the quest for the Orb.
     0 | D:1      | Reached XP level 1. HP: 11/11 MP: 3/3
   132 | D:1      | Reached XP level 2. HP: 4/17 MP: 0/4
   137 | D:1      | Learned a level 2 spell: Throw Flame
   817 | D:2      | Reached XP level 3. HP: 22/22 MP: 1/6
   958 | D:1      | Gained mutation: You tend to lose your temper in combat. [potion of mutation]
   958 | D:1      | Gained mutation: You are frail (-10% HP). [potion of mutation]
   961 | D:1      | Reached skill level 1 in Fighting
   963 | D:1      | HP: 1/30 [poisoned by an adder]
   963 | D:1      | Slain by a gnoll

Action                   || total
-------------------------++-------
Melee: Unarmed           ||    14
       Short sword       ||    16
Throw: Stone             ||     1
 Cast: Flame Tongue      ||    37
  Use: Scroll            ||     2
       Potion            ||     2
